 Dungeon Crawl Stone Soup version 0.29.1-1-gd02db6906a (webtiles) character file.

Game seed: 9978183513139880382

323 QueenGhuleh the Chopper (level 6, -10/58 HPs)
             Began as a Naga Berserker on Sept 19, 2022.
             Was a Believer of Trog.
             Mangled by an ogre
             ... wielding a +0 giant club
              (13 damage)
             ... on level 5 of the Dungeon on Sept 20, 2022.
             The game lasted 00:06:20 (3607 turns).

QueenGhuleh the Chopper (Naga Berserker)            Turns: 3607, Time: 00:06:21

Health: -10/58     AC:  5    Str: 21    XL:     6   Next: 47%
Magic:  6/6        EV:  8    Int:  8    God:    Trog [**....]
Gold:   144        SH:  0    Dex: 10    Spells: 5/5 levels left

rFire   . . .      SeeInvis +   p - +0 great mace
rCold   . . .      Faith    .   (shield currently unavailable)
rNeg    . . .      Spirit   .   q - +0 scale mail
rPois   +          Reflect  .   (no helmet)
rElec   .          Harm     .   (no cloak)
rCorr   .          Rampage  .   (no gloves)
Will    .....                   (no barding)
Stlth   ..........              (no amulet)
HPRegen 0.19/turn               (no ring)
MPRegen 0.10/turn               (no ring)

@: short of breath, on berserk cooldown, slowed, very slow
A: AC +2, large, see invisible, deformed body, poison resistance, slowness 2,
spit poison 1, naga tail 1
a: Spit Poison, Renounce Religion, Berserk, Trog's Hand


You were on level 5 of the Dungeon.
You worshipped Trog.
Trog was pleased with you.
You visited 1 branch of the dungeon, and saw 4 of its levels.

You collected 144 gold pieces.

Inventory:

Hand Weapons
 a - a +0 hand axe
 p - a +0 great mace (weapon)
Armour
 b - a +0 animal skin
 q - a +0 scale mail (worn)
Jewellery
 e - an amulet of regeneration
Scrolls
 f - a scroll of fog {unknown}
 h - a scroll of acquirement {unknown}
 j - a scroll of teleportation {unknown}
 k - a scroll of brand weapon {unknown}
 m - 3 scrolls of identify {unknown}
 r - a scroll of blinking {unknown}
Potions
 c - 2 potions of invisibility {unknown}
 d - a potion of might {unknown}
 g - a potion of mutation {unknown}
 i - 2 potions of degeneration {unknown}
 l - a potion of curing {unknown}
 n - a potion of lignification {unknown}
 o - a potion of heal wounds {unknown}


   Skills:
 + Level 4.5 Fighting
 + Level 4.5(4.8) Axes
 + Level 2.2(3.6) Maces & Flails
 + Level 2.0 Armour
 + Level 2.4 Dodging
 + Level 2.2 Stealth


You had 5 spell levels left.
You didn't know any spells.
Your spell library was empty.

Dungeon Overview and Level Annotations

Branches:
Dungeon (3/15)

Altars:

Shops:
D:1 *=*

Annotations:
D:5 3 runed translucent doors, groovy9's ghost, novice FoHu


Innate Abilities, Weirdness & Mutations

Your serpentine skin is tough. (AC +2)
You have supernaturally acute eyesight. (SInv)
Armour fits poorly on your strangely shaped body.
Your system is resistant to poisons. (rPois)
You cover ground very slowly.
You can spit poison.
You have a snake-like lower body.


Message History

The iguana barely misses you.
You hit the iguana but do no damage. The iguana bites you!
You closely miss the iguana. The iguana bites you. The iguana bites you!
You are too injured to fight recklessly!
You are too injured to fight recklessly!
You are too injured to fight recklessly!
A red film seems to cover your vision as you go berserk!
You feel yourself moving faster!
You feel mighty! The iguana bites you!
* * * LOW HITPOINT WARNING * * *
You bludgeon the iguana!!
You kill the iguana!
Trog accepts your kill.
Found a murky clear potion.
You see here an iguana corpse.
You feel a strong urge to attack something.
Calm down first, please.
An ogre comes into view. It is wielding a +0 giant club.
The ogre shouts!
An orc comes into view. It is wielding a +0 club.
An orc comes into view. It is wielding a +0 flail.
You feel your anger nearly subside.
You are no longer berserk.
You are exhausted.
You feel yourself slow down.
The orc shouts!
An orc comes into view. It is wielding a +0 dagger.
The orc moves out of view.
You are too injured to fight recklessly!
You are too injured to fight recklessly!
You are too injured to fight recklessly!
The ogre closely misses you. The orc barely misses you.
The ogre hits you with a +0 giant club!
* * * LOW HITPOINT WARNING * * *
The orc hits you with a +0 club.
* * * LOW HITPOINT WARNING * * *
Aiming: Spit Poison (1% risk of failure)
Press: ? - help, Shift-Dir - straight line, f - orc
Aim: an orc, wielding a +0 flail and wearing a +0 ring mail (65% to hit)
The splash of poison hits the ogre but does no damage.
The ogre is poisoned.
The ogre hits you with a +0 giant club!
You die...

.##....#
......# ......#
!....# #....#
#..>.# ##.oo.#
+..O..# ......#
##o@..#
.......# #....#
####......#
##..†.#####+###
...#......#
#.....#.......#
...#......#
+.....'.......#
#..#......#
#######.......#
#..#......#
#.............#
#..'....).#
#.............#
### #..#......#
+.............#
#..


You could see an ogre (poisoned) and 3 orcs.

Vanquished Creatures
  A black bear (D:5)
  A scorpion (D:5)
  A hound (D:5)
  An iguana (D:5)
  3 adders
  2 shadow imps (D:5)
  2 worms
  4 dart slugs
  2 orcs
  5 bats
  3 endoplasms
  5 giant cockroaches
  5 goblins
  4 hobgoblins
  4 jackals
  2 quokkas
  9 ball pythons
  A frilled lizard (D:2)
  3 kobolds (D:1)
  6 rats
64 creatures vanquished.

Vanquished Creatures (others)
  A plant (D:1)
1 creature vanquished.

Grand Total: 65 creatures vanquished

Notes
Turn   | Place    | Note
-------+----------+-------------------------------------------
     0 | D:1      | QueenGhuleh the Naga Berserker began the quest for the Orb.
     0 | D:1      | Reached XP level 1. HP: 21/21 MP: 1/1
   114 | D:1      | Reached XP level 2. HP: 10/28 MP: 2/2
   117 | D:1      | Found Awyffio's Assorted Antiques.
   688 | D:1      | Found Talicu's Jewellery Emporium.
   703 | D:1      | Found Lihefitz's Assorted Antiques.
   928 | D:1      | Found a faded altar of an unknown god.
   932 | D:1      | Reached XP level 3. HP: 34/34 MP: 3/3
  1896 | D:2      | Reached ** piety under Trog
  1897 | D:2      | Reached XP level 4. HP: 34/44 MP: 4/4
  1997 | D:2      | Reached skill level 1 in Stealth
  2931 | D:3      | You fall into a shaft and drop 2 floors!
  2931 | D:5      | Entered Level 5 of the Dungeon
  2997 | D:5      | Reached XP level 5. HP: 9/50 MP: 5/5
  3247 | D:5      | Found a runed translucent gate.
  3248 | D:5      | Found a runed translucent gate.
  3248 | D:5      | Found a runed translucent gate.
  3255 | D:5      | Noticed groovy9's ghost (novice FoHu)
  3511 | D:5      | Noticed a black bear
  3513 | D:5      | Killed a black bear
  3514 | D:5      | Reached skill level 1 in Maces & Flails
  3514 | D:5      | Reached XP level 6. HP: 57/58 MP: 6/6
  3606 | D:5      | HP: 2/58 [orc/+0 club (2)]
  3607 | D:5      | Mangled by an ogre

Illustrated notes

Levels and vault maps discovered:
D:1:      wander_arrival_estate, layout_loops_ring, serial_shops,
          nicolae_shop_overgrown_old_shop, shop, shop,
          chequers_ecumenical_altar_simple_redux
D:2:      minmay_chambers_of_twos, layout_loops_ring,
          minmay_misc_feat_more_columns
D:3:      layout_basic, minmay_circle_x
D:5:      minmay_angry_zag, layout_gridville, ebering_ghost_rock_garden

Skill      XL: |  1  2  3  4  5  6 |
---------------+-------------------+-----
Stealth        | 1 2 |  2.2
Dodging        | 2 |  2.4
Fighting       | 4 |  4.5
Axes           | 4 |  4.5
Maces & Flails | 1 2 |  2.2
Armour         | 2 |  2.0

Action                   |  1- 3 |  4- 6 || total
-------------------------+-------+-------++-------
Melee: Hand axe          |   115 |    42 ||   157
       Great mace        |       |    33 ||    33
       Punch             |       |     1 ||     1
Invok: Berserk           |     2 |     2 ||     4
 Abil: Spit Poison       |       |     2 ||     2
 Stab: Sleeping          |     1 |     1 ||     2
Armor: Animal skin       |    21 |     8 ||    29
       Scale mail        |       |    12 ||    12
Dodge: Dodged            |    64 |    38 ||   102
